 Dungeon Crawl Stone Soup version 0.27-a0-1322-gfdffb62a71 (webtiles) character file.

Game seed: 6284084059495183407

7633 kazelolz the Cleaver (level 10, 0/93 HPs)
             Began as a Minotaur Berserker on Oct 14, 2020.
             Was a High Priest of Trog.
             Killed from afar by a steam dragon (12 damage)
             ... with a ball of steam
             ... on level 9 of the Dungeon on June 22, 2021.
             The game lasted 00:11:08 (8000 turns).

kazelolz the Cleaver (Minotaur Berserker)           Turns: 8000, Time: 00:11:09

Health: 0/93       AC: 18    Str: 24    XL:     10   Next: 98%
Magic:  9/9        EV:  8    Int:  5    God:    Trog [*****.]
Gold:   549        SH:  5    Dex: 10    Spells: 9/9 levels left

rFire    . . .     SeeInvis +   j - +2 war axe (drain)
rCold    . . .     Faith    .   o - +0 buckler
rNeg     . . .     Spirit   .   x - +0 plate armour
rPois    .         Reflect  .   (helmet restricted)
rElec    .         Harm     .   I - +2 cloak {Stlth+}
rCorr    .         Rampage  .   E - +0 pair of gloves
Will     .....                  (no boots)
Stlth    ..........             k - amulet of the acrobat
HPRegen  0.25/turn              u - ring of see invisible
MPRegen  0.11/turn              (no ring)

@: lethally poisoned (0 -> -2)
A: horns 2, retaliatory headbutt
a: Renounce Religion, Berserk, Trog's Hand, Brothers in Arms


You were on level 9 of the Dungeon.
You worshipped Trog.
Trog was extremely pleased with you.
You visited 1 branch of the dungeon, and saw 9 of its levels.

You collected 549 gold pieces.

Inventory:

Hand Weapons
 a - a +0 hand axe
 j - a +2 war axe of draining (weapon)
Armour
 o - a +0 buckler (worn)
 x - a +0 plate armour (worn)
 E - a +0 pair of gloves (worn)
 I - a +2 cloak of stealth (worn)
Jewellery
 k - an amulet of the acrobat (around neck)
 q - an amulet of the acrobat {unknown}
 u - a ring of see invisible (left hand)
 z - an amulet of faith
 C - a ring of fire
Wands
 B - a wand of mindburst (15)
 F - a wand of flame (14)
Scrolls
 d - a scroll of noise {unknown}
 e - 3 scrolls of immolation {unknown}
 f - a scroll of blinking {unknown}
 g - 8 scrolls of teleportation
 l - 4 scrolls of magic mapping
 r - 4 scrolls of enchant armour {unknown}
 y - a scroll of enchant weapon {unknown}
 G - a scroll of amnesia {unknown}
 H - 2 scrolls of identify
Potions
 b - 3 potions of flight {unknown}
 c - 5 potions of heal wounds
 h - a potion of magic {unknown}
 i - 2 potions of curing
 m - 3 potions of might
 n - 2 potions of attraction
 p - a potion of cancellation {unknown}
 s - a potion of brilliance {unknown}
 t - 2 potions of degeneration {unknown}
 v - a potion of lignification
 w - a potion of mutation {unknown}
 A - 2 potions of berserk rage {unknown}
 D - a potion of ambrosia {unknown}


   Skills:
 + Level 10.0 Fighting
 + Level 13.3 Axes
 + Level 9.0 Armour
 + Level 5.5 Dodging
 + Level 1.5 Stealth
 + Level 5.7 Shields


You had 9 spell levels left.
You didn't know any spells.
Your spell library was empty.

Dungeon Overview and Level Annotations

Branches:
Dungeon (9/15)             Temple (0/1) D:5            Lair (0/6) D:8
    Orc: D:9-12

Altars:
Cheibriados
Dithmenos
Gozag
Hepliaklqana
Kikubaaqudgha
Makhleb
Nemelex Xobeh
Okawaru
Qazlal
Uskayaw
Xom
Yredelemnul
The Shining One


Innate Abilities, Weirdness & Mutations

You have a pair of horns on your head.
You reflexively headbutt those who attack you in melee.


Message History

The killer bee stings you but does no damage.
The killer bee stings you.
You are more poisoned.
The killer bee poisons you!
The killer bee stings you but does no damage.
You slash the killer bee!
You kill the killer bee!
Trog accepts your kill.
You barely miss the killer bee.
You feel very sick.
The killer bee stings you but does no damage.
The steam dragon breathes steam at you. The ball of steam hits you!
Your Fighting skill increases to level 10!
You are too injured to fight recklessly!
You are too injured to fight recklessly!
Unknown command.
You are too injured to fight recklessly!
Unknown command.
You slash the killer bee!
The killer bee is heavily wounded.
You are engulfed in a cloud of scalding steam.
You feel sick. You block the killer bee's attack.
The killer bee closely misses you.
You slash the killer bee!
You kill the killer bee!
Trog accepts your kill.
You are engulfed in a cloud of scalding steam.
* * * LOW HITPOINT WARNING * * *
You feel very sick.
You feel sick.
You feel sick.
You feel sick.
You feel sick.
You feel sick.
You feel sick.
You closely miss the steam dragon. Your headbutt misses the steam dragon.
The steam dragon breathes steam at you. The ball of steam hits you!
You die...

...........)...................(
................................
#########..###############......
########..###############......
...............................
#######.########...............
#######.########..#########.###
............................###
..............@................
......########D.............###
####..########..##########>.#
..........................###
.... .....D.†).............†..
..... ..............#######†...
#### ...§..........# #..##
..)...........# #..#
..............# #..#


You could see a steam dragon (catching breath).

Vanquished Creatures
  Maggie (D:8)
  Prince Ribbit (D:8)
  2 vampires (D:6)
  Sigmund (D:3)
  Grum (D:8)
  17 yaks
  A steam dragon (D:8)
  Menkaure (D:6)
  2 water moccasins
  An acid dragon (D:9)
  3 orc warriors
  4 sky beasts
  A necrophage (D:6)
  3 wolves (D:8)
  2 ogres (D:7)
  2 centaurs
  A kobold brigand (D:8)
  2 bullfrogs
  A water moccasin skeleton (D:6)
  6 killer bees (D:9)
  8 wights (D:7)
  6 howler monkeys
  2 bullfrog zombies
  2 gnoll shamans
  7 hounds
  Crazy Yiuf (D:7)
  2 orc priests
  A bullfrog skeleton (D:6)
  A centaur skeleton (D:6)
  7 orc wizards
  Jessica (D:3)
  A scorpion zombie (D:5)
  4 iguanas
  Natasha (thrice) (D:2)
  A removed worker ant (D:4)
  A killer bee zombie (D:7)
  3 hound skeletons
  A mummy (D:6)
  2 howler monkey zombies
  8 gnolls
  8 adders
  A white imp (D:6)
  2 endoplasms
  An adder skeleton (D:4)
  5 worms
  4 dart slugs
  11 orcs
  3 removed leopard geckos
  5 bats
  2 giant cockroaches (D:3)
  5 goblins
  4 hobgoblins
  14 jackals
  A quokka (D:2)
  A ball python skeleton (D:4)
  5 frilled lizards
  12 kobolds
  4 rats (D:1)
203 creatures vanquished.

Notes
Turn   | Place    | Note
-------+----------+-------------------------------------------
     0 | D:1      | kazelolz the Minotaur Berserker began the quest for the
                  | Orb.
     0 | D:1      | Reached XP level 1. HP: 19/19 MP: 0/0
    89 | D:1      | Reached XP level 2. HP: 16/27 MP: 1/1
    92 | D:1      | Reached skill level 4 in Axes
   745 | D:2      | Reached XP level 3. HP: 33/34 MP: 2/2
   747 | D:2      | Reached ** piety under Trog
   783 | D:2      | Noticed Natasha
   786 | D:2      | Killed Natasha
   786 | D:2      | Reached XP level 4. HP: 40/41 MP: 3/3
   797 | D:2      | Reached skill level 5 in Axes
   907 | D:2      | Found a hazy altar of Hepliaklqana.
  1086 | D:2      | Noticed Natasha
  1097 | D:2      | Killed Natasha
  1097 | D:2      | Reached XP level 5. HP: 27/47 MP: 4/4
  1303 | D:2      | Noticed Natasha
  1307 | D:2      | Killed Natasha
  1503 | D:2      | Reached skill level 5 in Fighting
  1647 | D:3      | Noticed Jessica
  1653 | D:3      | Killed Jessica
  2139 | D:3      | Noticed Sigmund
  2166 | D:3      | Killed Sigmund
  2166 | D:3      | Reached skill level 6 in Axes
  2166 | D:3      | Reached XP level 6. HP: 21/56 MP: 5/5
  2917 | D:4      | Found a shadowy altar of Dithmenos.
  2921 | D:4      | Reached *** piety under Trog
  3044 | D:4      | Reached XP level 7. HP: 58/61 MP: 6/6
  3184 | D:4      | Found a shimmering altar of Xom.
  3184 | D:4      | Found a shimmering altar of Xom.
  3185 | D:4      | Found a shimmering altar of Xom.
  3185 | D:4      | Found a shimmering altar of Xom.
  3185 | D:4      | Found a shimmering altar of Xom.
  3185 | D:4      | Found a shimmering altar of Xom.
  3329 | D:4      | Upgraded the game from 0.26-a0-665-gefeb406119 to
                  | 0.27-a0-1322-gfdffb62a71
  3346 | D:5      | Entered Level 5 of the Dungeon
  3353 | D:5      | Found a hide-covered altar of Uskayaw.
  3479 | D:5      | Reached skill level 1 in Shields
  3623 | D:5      | Reached skill level 7 in Axes
  3995 | D:5      | Reached skill level 5 in Dodging
  4135 | D:5      | Found a staircase to the Ecumenical Temple.
  4153 | D:5      | Found an opulent altar of Gozag.
  4154 | D:5      | Found a snail-covered altar of Cheibriados.
  4161 | D:5      | Found an iron altar of Okawaru.
  4228 | D:5      | Reached skill level 5 in Armour
  4309 | D:5      | Found a stormy altar of Qazlal.
  4310 | D:5      | Found a sparkling altar of Nemelex Xobeh.
  4311 | D:5      | Found a burning altar of Makhleb.
  4312 | D:5      | Found a glowing golden altar of the Shining One.
  4476 | D:6      | Noticed a vampire
  4480 | D:6      | Found an ancient bone altar of Kikubaaqudgha.
  4497 | D:6      | Reached XP level 8. HP: 60/70 MP: 7/7
  4498 | D:6      | Reached skill level 8 in Axes
  4653 | D:6      | Found a basalt altar of Yredelemnul.
  4657 | D:6      | Noticed Menkaure
  4784 | D:6      | Found a transporter.
  4792 | D:6      | Found a transporter.
  4808 | D:6      | Killed Menkaure
  4811 | D:6      | Reached skill level 9 in Axes
  4991 | D:6      | Reached XP level 9. HP: 44/78 MP: 8/8
  5340 | D:7      | Reached skill level 10 in Axes
  5350 | D:7      | Reached **** piety under Trog
  5915 | D:7      | Reached skill level 11 in Axes
  6223 | D:7      | Found a runed translucent door.
  6224 | D:7      | Noticed Crazy Yiuf
  6231 | D:7      | Killed Crazy Yiuf
  6503 | D:8      | Noticed Maggie
  6518 | D:8      | Killed Maggie
  6519 | D:8      | Reached XP level 10. HP: 60/88 MP: 9/9
  6700 | D:8      | Noticed Grum
  6707 | D:8      | Killed Grum
  6978 | D:8      | Found a staircase to the Lair.
  6985 | D:8      | Noticed Prince Ribbit
  6990 | D:8      | Reached skill level 12 in Axes
  6993 | D:8      | Reached skill level 1 in Stealth
  7003 | D:8      | Reached skill level 5 in Shields
  7019 | D:8      | Killed Prince Ribbit
  7039 | D:8      | Reached ***** piety under Trog
  7802 | D:9      | Reached skill level 13 in Axes
  7992 | D:9      | Reached skill level 10 in Fighting
  8000 | D:9      | Killed from afar by a steam dragon

Illustrated notes

Levels and vault maps discovered:
D:1:      roderic_crossed_star, layout_rooms
D:2:      layout_loops_ring, overflow_temple_1_default, uniq_natasha
D:3:      layout_loops_corners, uniq_jessica, uniq_sigmund
D:4:      layout_rooms, nicolae_overflow_crystal_walls, xom_redecorated
D:5:      layout_loops_ring, amcnicky_altar_gilded,
          eat_drink_and_be_merry_uskayaw, grunt_temple_overflow_open,
          minmay_temple_entry_statues_pillars
D:6:      layout_rooms, gammafunk_temple_of_torment, serial_curves,
          eino_curves_02, eino_curves_02
D:7:      layout_rooms, small_statue_intersection, uniq_crazy_yiuf_cottage
D:8:      layout_loops_ring, lair_entry_dummy, uniq_maggie, uniq_prince_ribbit1,
          uniq_grum
D:9:      layout_long_grid, gammafunk_ghost_icy, kennysheep_generic_room_15

Skill      XL: |  1  2  3  4  5  6  7  8  9 10 |
---------------+-------------------------------+-----
Fighting       | 4 5 6 7 10 | 10.0
Axes           | 4 5 6 7 9 11 13 | 13.3
Armour         | 3 4 5 6 8 9 |  9.0
Dodging        | 4 5 |  5.5
Shields        | 1 2 4 5 |  5.7
Stealth        | 1 |  1.5

Action                   |  1- 3 |  4- 6 |  7- 9 | 10-12 || total
-------------------------+-------+-------+-------+-------++-------
Melee: Hand axe          |    52 |   147 |   127 |       ||   326
       Headbutt          |     6 |    18 |    54 |    19 ||    97
       War axe           |       |       |   129 |   140 ||   269
Invok: Berserk           |       |     1 |     3 |       ||     4
       Trog's Hand       |       |       |     2 |       ||     2
  Use: Scroll            |       |       |     7 |       ||     7
Armor: Animal skin       |     2 |       |       |       ||     2
       Ring mail         |    16 |    44 |    22 |       ||    82
       Plate armour      |       |       |    88 |    62 ||   150
Dodge: Dodged            |    39 |    67 |   123 |    56 ||   285
Block: Buckler           |       |    13 |    49 |    30 ||    92

Table legend: (Time is in decaauts)
 A = Elapsed time spent in this place.
 B = Non-inter-level travel time spent in this place.
 C = Inter-level travel time spent in this place.
 D = Time resting spent in this place.
 E = Time spent auto-exploring this place.
 F = Levels seen in this place.
 G = Mean time per level.
                   A        B        C        D        E       F      G
               +--------+--------+--------+--------+--------+-----+--------+
         Total |   8028 |   7773 |    255 |    466 |   6025 |   9 |  892.0 |
       Dungeon |   8028 |   7773 |    255 |    466 |   6025 |   9 |  892.0 |
               +--------+--------+--------+--------+--------+-----+--------+

Top non-repeatable levels by time:
     D:8: 1472 daAuts
     D:3: 1154 daAuts
     D:5: 1130 daAuts
     D:7: 973 daAuts
     D:2: 914 daAuts
     D:6: 870 daAuts
     D:1: 732 daAuts
     D:4: 571 daAuts
     D:9: 209 daAuts
